 Dungeon Crawl Stone Soup version 0.27.1-33-g824d729ab1 (webtiles) character file.

Game seed: 884005894860985313

50378 MisterFreud the Severer (level 14, -2/127 HPs)
             Began as a Hill Orc Abyssal Knight on Dec 20, 2021.
             Was a Priest of Lugonu.
             Shot with an arrow by a centaur (7 damage)
             ... on level 13 of the Dungeon.
             The game lasted 00:34:43 (20563 turns).

MisterFreud the Severer (Hill Orc Abyssal Knight)  Turns: 20563, Time: 00:34:43

Health: -2/127     AC: 19    Str: 21    XL:     14   Next: 54%
Magic:  22/23      EV: 10    Int: 12    God:    Lugonu [***...]
Gold:   770        SH: 10    Dex: 11    Spells: 13/13 levels left

rFire    + . .     SeeInvis .   U - +9 broad axe (venom)
rCold    . . .     Faith    +   D - +0 kite shield {rF+}
rNeg     . . .     Spirit   .   y - +0 chain mail
rPois    .         Reflect  .   g - +0 helmet
rElec    .         Harm     .   P - +0 cloak
rCorr    .         Rampage  .   K - +0 pair of gloves
Will     ++...                  f - +2 pair of boots
Stlth    ..........             N - amulet of faith
HPRegen  0.31/turn              V - ring "Noahoamy" {Drain EV+4 Str+2 Stlth+}
MPRegen  0.18/turn              a - ring of willpower

@: no status effects
A: no striking features
a: Renounce Religion, Depart the Abyss, Bend Space, Banish


You were on level 13 of the Dungeon.
You worshipped Lugonu.
Lugonu was most pleased with you.
You visited 2 branches of the dungeon, and saw 19 of its levels.
You visited the Abyss 3 times.
You also visited: Ossuary.

You collected 1041 gold pieces.
You spent 271 gold pieces at shops.

Inventory:

Hand Weapons
 p - a +2 whip of electrocution
 U - a +9 broad axe of venom (weapon)
Missiles
 i - 5 curare-tipped darts
 v - 61 poisoned darts (quivered)
 A - 20 boomerangs
 B - 5 javelins
 M - 5 silver boomerangs
Armour
 f - a +2 pair of boots (worn)
 g - a +0 helmet (worn)
 y - a +0 chain mail (worn)
 D - a +0 kite shield of fire resistance (worn)
 K - a +0 pair of gloves (worn)
 P - a +0 cloak (worn)
Jewellery
 a - a ring of willpower (right hand)
 e - a ring of poison resistance
 r - a ring of ice
 C - an amulet of regeneration
 F - a ring of flight
 N - an amulet of faith (around neck)
 V - the ring "Noahoamy" (left hand) {Drain EV+4 Str+2 Stlth+}
   (You acquired it on level 1 of the Abyss)

   [ring of evasion]

   EV:        It affects your evasion (+4).
   Str:       It affects your strength (+2).
   Drain:     It drains your maximum health when unequipped.
   Stlth:     It makes you more stealthy.
Wands
 q - a wand of flame (30)
 w - a wand of mindburst (9)
 H - a wand of charming (5)
 Q - a wand of polymorph (15)
 R - a wand of digging (11)
Scrolls
 b - 4 scrolls of fear
 k - 3 scrolls of enchant armour
 l - 3 scrolls of teleportation
 s - 2 scrolls of vulnerability
 t - 3 scrolls of fog
 u - a scroll of enchant weapon
 x - 4 scrolls of identify
 E - 5 scrolls of magic mapping
 I - a scroll of brand weapon
 L - 4 scrolls of amnesia
Potions
 c - 4 potions of cancellation
 d - 17 potions of curing
 h - 2 potions of ambrosia
 j - 3 potions of flight
 m - 3 potions of haste
 n - 5 potions of mutation
 z - 2 potions of invisibility
 G - 5 potions of brilliance
 J - a potion of might
 O - 2 potions of heal wounds
 S - 3 potions of resistance
 T - 3 potions of lignification
 Y - a potion of berserk rage
Miscellaneous
 o - a phial of floods


   Skills:
 + Level 12.6 Fighting
 - Level 20.0 Axes
 - Level 10.0 Armour
 - Level 0.7 Dodging
 * Level 5.3 Shields
 - Level 12.0 Invocations
 - Level 8.0 Evocations


You had 13 spell levels left.
You didn't know any spells.
Your spell library contained the following spells:

 Spells                   Type           Power      Damage    Failure   Level
 Beastly Appendage        Tmut           0%         N/A       100%        1
 Freeze                   Ice            0%         1d3       100%        1
 Magic Dart               Conj           0%         1d3       100%        1
 Corpse Rot               Necr/Air       N/A        N/A       100%        2
 Poisonous Vapours        Pois/Air       0%         N/A       100%        2
 Searing Ray              Conj           0%         3d3       100%        2
 Frozen Ramparts          Ice            0%         1d2       100%        3
 Lesser Beckoning         Tloc           0%         N/A       100%        3
 Portal Projectile        Hex/Tloc       0%         N/A       100%        3
 Fulminant Prism          Conj/Hex       0%         3d6       100%        4
 Hailstorm                Conj/Ice       0%         3d3       100%        4
 Iskenderun's Mystic Bla  Conj/Tloc      0%         2d3       100%        4
 Passage of Golubria      Tloc           N/A        N/A       100%        4
 Petrify                  Tmut/Erth      0%         N/A       100%        4
 Fireball                 Conj/Fire      0%         3d3       100%        5
 Freezing Cloud           Conj/Ice/Air   0%         6-21      100%        5
 Lee's Rapid Deconstruct  Erth           0%         3d5*      100%        5
 Metabolic Englaciation   Hex/Ice        0%         N/A       100%        5
 Silence                  Hex/Air        0%         N/A       100%        5
 Starburst                Conj/Fire      0%         6d3       100%        6
 Statue Form              Tmut/Erth      0%         N/A       100%        6
 Ignition                 Fire           0%         3d3       100%        8
 Lehudib's Crystal Spear  Conj/Erth      0%         10d2      100%        8


Dungeon Overview and Level Annotations

Branches:
Dungeon (13/15)            Temple (0/1) D:6            Lair (6/6) D:11
  Swamp (0/4) Lair:4        Snake (0/4) Lair:4          Orc (0/2) D:9
Ossuary (visited)
  Slime: Lair:5-6    Vaults: D:13-14

Altars:
Dithmenos
Gozag
Hepliaklqana
Uskayaw
Zin
The Shining One

Shops:
D:4 *   D:5 ([(*   D:8 [   D:10 *   D:11 ((

Annotations:
D:3 diceflayer's ghost, amateur MiFi
Lair:1 oklob entry!, exclusion: 4 oklob plants
Lair:5 exclusion: 2 oklob plants
Lair:6 Rupert


Message History

The storm dragon zombie claws you.
* * * LOW HITPOINT WARNING * * *
The storm dragon zombie tramples you but does no damage.
You hit the storm dragon zombie.
The storm dragon zombie is heavily damaged.
The storm dragon zombie bites you.
* * * LOW HITPOINT WARNING * * *
You block the storm dragon zombie's attack.
The storm dragon zombie tramples you but does no damage.
You slice the storm dragon zombie!!
The storm dragon zombie is severely damaged.
The storm dragon zombie bites you!
* * * LOW HITPOINT WARNING * * *
You block the storm dragon zombie's attack.
The storm dragon zombie tramples you but does no damage.
You slash the storm dragon zombie!
The storm dragon zombie is almost destroyed.
You slash the storm dragon zombie!
The storm dragon zombie is almost destroyed.
You block the storm dragon zombie's attack.
The storm dragon zombie claws you but does no damage.
The storm dragon zombie tramples you.
* * * LOW HITPOINT WARNING * * *
You slash the storm dragon zombie!
You destroy the storm dragon zombie!
Found 22 bolts.
A large abomination comes into view.
Found 2 potions of mutation and a glowing morningstar.
A lich comes into view.
The lich shouts!
You hear a bellow!
The lich casts a spell at you. The bolt of cold hits you!!
* * * LOW HITPOINT WARNING * * *
You hear a shout!
Unknown command.
You pass through the gate.
Welcome back to the Dungeon!
You can no longer corrupt the fabric of space.
The centaur shoots an arrow.
The arrow hits you!
You die...

#...####### ##
#...'......
#...#######
#...##########
#...'......c.#
#...####.....#
#...# #.....# #
#####
##....######.##
##@#..........
#.#.#####....
#####c#.)........
#...c..K......##
#.######....###
#.K...# #..u..#
##..##### #cu# ..


You could see a centaur warrior, a yaktaur and a centaur.

Vanquished Creatures
  A tentacled starspawn (Abyss:1)
  Snorg (D:10)
  Erolcha (D:11)
  A boulder beetle (Lair:4)
  A hydra (Abyss:1)
  2 two-headed ogres
  7 death yaks
  Urug (D:10)
  A storm dragon zombie (Abyss:1)
  A fire crab (Lair:4)
  An ugly thing (D:12)
  2 cyclopes
  4 black mambas
  2 torpor snails
  4 orange demons (D:11)
  A gargoyle (D:13)
  5 cane toads
  A kobold demonologist (D:9)
  2 rime drakes
  7 komodo dragons
  4 trolls
  A polar bear (Lair:4)
  A hornet (D:11)
  Grinder (D:4)
  Prince Ribbit (D:5)
  5 dream sheep
  4 slime creatures (D:13)
  21 blink frogs
  3 raiju (Abyss:1)
  A ynoxinul (Abyss:1)
  2 wraiths (D:12)
  2 shadows
  2 basilisks
  54 yaks
  Eustachio (D:4)
  5 wyverns
  7 vampire mosquitoes
  3 steam dragons
  A chaos spawn (Abyss:1)
  5 nagas (Lair:4)
  13 water moccasins
  An acid dragon (D:12)
  3 small abominations (Abyss:1)
  7 orc warriors
  A sky beast (D:8)
  An ice beast (Abyss:1)
  4 black bears
  6 centaurs
  2 necrophages
  A phantom (D:5)
  3 kobold brigands
  12 bullfrogs
  3 scorpions
  A water moccasin skeleton (D:5)
  A killer bee (D:9)
  7 wights
  4 centaur zombies
  3 hounds
  A quasit (D:3)
  2 jellies
  A human zombie (Ossuary)
  9 orc priests
  4 iguanas
  9 orc wizards
  7 hell rats (Lair:6)
  2 hound skeletons (D:5)
  3 mummies
  A howler monkey zombie (D:7)
  3 gnolls
  6 adders
  2 white imps
  4 adder zombies (Ossuary)
  2 worms
  2 dart slugs
  47 orcs
  4 ball pythons
  8 endoplasms
  A giant cockroach (D:1)
  5 goblins
  8 hobgoblins
  4 jackals (D:3)
  12 kobolds
  3 quokkas
  5 bats
  7 frilled lizards
  13 hobgoblin zombies (Ossuary)
  2 jackal zombies (Ossuary)
  11 kobold zombies (Ossuary)
  5 orc zombies (Ossuary)
  8 rats
  A starspawn tentacle (Abyss:1)
445 creatures vanquished.

Vanquished Creatures (others)
  20 fungi
  43 plants
  2 starspawn tentacles (Abyss:1)
65 creatures vanquished.

Grand Total: 510 creatures vanquished

Notes
Turn   | Place    | Note
-------+----------+-------------------------------------------
     0 | Abyss:1  | MisterFreud the Hill Orc Abyssal Knight began the quest for
                  | the Orb.
     0 | Abyss:1  | Reached XP level 1. HP: 19/19 MP: 2/2
    51 | Abyss:1  | Noticed a guardian serpent
    52 | D:1      | Escaped the Abyss
   199 | D:1      | Reached skill level 3 in Axes
   469 | D:1      | Found a faded altar of an unknown god.
   498 | D:1      | Reached XP level 2. HP: 20/26 MP: 3/3
   812 | D:1      | Reached skill level 4 in Axes
  1077 | D:1      | Reached * piety under Lugonu
  1097 | D:1      | Reached XP level 3. HP: 29/31 MP: 4/4
  1378 | D:2      | Reached skill level 5 in Axes
  1631 | D:2      | Reached XP level 4. HP: 39/39 MP: 5/5
  2413 | D:3      | Got the Papyrus of Spatial Shape Shifting
  2421 | D:3      | Found a transporter.
  2425 | D:3      | Noticed diceflayer's ghost (amateur MiFi)
  2442 | D:3      | Found a transporter.
  2977 | D:3      | Reached skill level 6 in Axes
  3043 | D:3      | Reached XP level 5. HP: 45/47 MP: 6/6
  3057 | D:3      | Reached ** piety under Lugonu
  3521 | D:3      | Reached skill level 5 in Fighting
  3765 | D:4      | Reached XP level 6. HP: 55/56 MP: 7/7
  3798 | D:4      | Noticed Eustachio
  3840 | D:4      | HP: 2/56 [Eustachio (8)]
  3859 | D:4      | Killed Eustachio
  3860 | D:4      | Reached skill level 7 in Axes
  4461 | D:4      | Found Puomp's Assorted Antiques.
  4468 | D:4      | Bought an amethyst potion for 17 gold pieces
  4468 | D:4      | Bought a scroll labelled PUR XOT UGRO for 19 gold pieces
  4468 | D:4      | Bought a scroll labelled DOAROY YBBA for 19 gold pieces
  4468 | D:4      | Bought a scroll labelled PUR XOT UGRO for 19 gold pieces
  4468 | D:4      | Bought a silvery potion for 17 gold pieces
  4720 | D:4      | Noticed Grinder
  4720 | D:4      | Paralysed by Grinder for 5 turns
  4726 | D:4      | Killed Grinder
  4727 | D:4      | Reached skill level 9 in Axes
  4727 | D:4      | Reached XP level 7. HP: 48/63 MP: 8/8
  5006 | D:5      | Entered Level 5 of the Dungeon
  5009 | D:5      | Noticed Prince Ribbit
  5016 | D:5      | Killed Prince Ribbit
  5017 | D:5      | Reached skill level 10 in Axes
  5033 | D:5      | Reached XP level 8. HP: 37/70 MP: 10/10
  5273 | D:5      | HP: 3/70 [orc (3)]
  5638 | D:5      | Found Zoiwazu's Antique Weapon Shop.
  5823 | D:5      | Reached skill level 5 in Invocations
  5938 | D:5      | Found Zateas's General Store.
  5959 | D:5      | Found Okhliar's Antique Weapon Emporium.
  6038 | D:5      | Found Pumeracs's Antique Armour Shop.
  6288 | D:5      | Found a hide-covered altar of Uskayaw.
  6399 | D:6      | Reached skill level 5 in Armour
  6430 | D:6      | Found a shadowy altar of Dithmenos.
  6519 | D:6      | Found a staircase to the Ecumenical Temple.
  6588 | D:6      | Reached *** piety under Lugonu
  6776 | D:6      | Reached XP level 9. HP: 62/75 MP: 14/14
  7171 | D:7      | HP: 2/68 [wight (7)]
  7588 | D:7      | Found a hazy altar of Hepliaklqana.
  7821 | D:7      | Reached skill level 11 in Axes
  7885 | D:8      | Reached **** piety under Lugonu
  8018 | D:8      | Noticed a five-headed hydra
  8021 | D:8      | Banished a five-headed hydra
  8022 | D:8      | Reached skill level 12 in Axes
  8022 | D:8      | Reached XP level 10. HP: 91/91 MP: 16/16
  8034 | D:8      | Found a sand-covered staircase.
  8044 | Ossuary  | Entered an ossuary
  8163 | Ossuary  | Reached ***** piety under Lugonu
  8465 | D:8      | Found Jenatyad's Armour Boutique.
  8747 | D:9      | Reached skill level 10 in Fighting
  8778 | D:9      | Noticed a kobold demonologist
  8781 | D:9      | Noticed a four-headed hydra
  8806 | D:8      | Reached skill level 13 in Axes
  9154 | D:9      | Reached skill level 14 in Axes
  9154 | D:9      | Reached XP level 11. HP: 53/102 MP: 17/17
  9383 | D:9      | Found a staircase to the Orcish Mines.
  9559 | D:9      | Noticed a cyclops
  9572 | D:9      | Killed a cyclops
  9664 | D:9      | Found the +2 robe of Vines {NoPotionHeal Regen+++}
  9703 | D:9      | Noticed a sixfirhy
  9703 | D:9      | Banished a four-headed hydra
  9704 | D:9      | Reached skill level 10 in Invocations
  9916 | D:10     | Entered Level 10 of the Dungeon
  9921 | D:10     | Noticed a two-headed ogre
  9922 | D:10     | Banished a two-headed ogre
  9999 | D:10     | Noticed Urug
 10008 | D:10     | Killed Urug
 10163 | D:10     | Found Ifraerebb's General Store.
 10353 | D:10     | Found an opulent altar of Gozag.
 10456 | D:10     | Noticed Snorg
 10468 | D:10     | Killed Snorg
 10580 | D:10     | Found a glowing silver altar of Zin.
 10703 | D:10     | Found a glowing golden altar of the Shining One.
 10912 | D:11     | Noticed a death yak
 10913 | D:11     | Found a staircase to the Lair.
 10946 | D:12     | Killed a death yak
 10947 | D:12     | Reached skill level 15 in Axes
 10959 | D:12     | Reached XP level 12. HP: 53/112 MP: 21/21
 11084 | Abyss:1  | Noticed a thrashing horror
 11091 | D:12     | Escaped the Abyss
 11109 | D:11     | Reached skill level 16 in Axes
 11288 | D:11     | Noticed Erolcha
 11319 | D:11     | Killed Erolcha
 11620 | D:11     | Reached skill level 17 in Axes
 11738 | D:11     | Noticed a two-headed ogre
 11769 | D:11     | Killed a two-headed ogre
 11877 | D:11     | Found Fabac's Antique Weapon Shop.
 11879 | D:11     | Found Owutoc's Weapon Emporium.
 11973 | Lair:1   | Entered Level 1 of the Lair of Beasts
 12002 | Lair:1   | Reached skill level 18 in Axes
 12413 | Lair:1   | Identified the +3 leather armour of Ahoroh {rN+ rCorr
                  | Str-3}
 13083 | Lair:2   | Noticed a death yak
 13083 | Lair:2   | Noticed a death yak
 13083 | Lair:2   | Noticed a death yak
 13090 | Lair:2   | Noticed a death yak
 13092 | Lair:2   | Noticed a death yak
 13095 | Lair:2   | Noticed a death yak
 13102 | Lair:2   | Killed a death yak
 13103 | Lair:2   | Reached skill level 19 in Axes
 13103 | Lair:2   | Reached XP level 13. HP: 74/118 MP: 22/22
 13442 | Lair:2   | Reached skill level 20 in Axes
 14999 | Lair:3   | You fall into a shaft and drop 1 floor!
 15005 | Lair:4   | Found a staircase to the Swamp.
 15147 | Lair:4   | Reached skill level 1 in Evocations
 15567 | Lair:4   | Found a staircase to the Snake Pit.
 16653 | Lair:4   | Reached skill level 10 in Armour
 16935 | Lair:4   | Reached skill level 5 in Evocations
 17195 | Lair:5   | Reached XP level 14. HP: 116/126 MP: 23/23
 18276 | Lair:6   | Entered Level 6 of the Lair of Beasts
 18520 | Lair:6   | Noticed Rupert
 18764 | D:5      | Bought a glowing kite shield for 180 gold pieces
 18979 | D:12     | Reached skill level 1 in Shields
 19291 | D:12     | HP: 3/126 [gargoyle/stone arrow (23)]
 20428 | Abyss:1  | HP: 1/127 [seven-headed hydra (6)]
 20430 | Abyss:1  | Identified a scroll of acquirement
 20433 | Abyss:1  | Acquired the ring "Noahoamy" {Drain EV+4 Str+2 Stlth+}
 20469 | Abyss:1  | Noticed a tentacled starspawn
 20474 | Abyss:1  | Killed a tentacled starspawn
 20475 | Abyss:1  | Reached skill level 5 in Shields
 20560 | Abyss:1  | Noticed a lich
 20562 | Abyss:1  | HP: 4/127 [lich/bolt of cold (30)]
 20563 | D:13     | Escaped the Abyss
 20563 | D:13     | Shot with an arrow by a centaur

Illustrated notes

Levels and vault maps discovered:
D:1:      dpeg_arrival_castle, layout_basic,
          hellmonk_ecumenical_altar_crossroads
D:2:      layout_basic
D:3:      layout_rooms, gammafunk_ghost_stat_death, chequers_arboretum,
          minmay_increasing_density
D:4:      layout_loops_corners, serial_shops, nicolae_shop_stone,
          uniq_eustachio, uniq_grinder
D:5:      layout_gridville, mainiacjoe_overflow_alcove_4, serial_shops,
          nicolae_shop_stone, kennysheep_mini, nicolae_square_shop, shop,
          kennysheep_decorative_pillar, uniq_prince_ribbit1
D:6:      layout_basic, lemuel_crystal_altar, minmay_temple_entry_arrows
D:7:      layout_rooms, mainiacjoe_overflow_chevrons
D:8:      black_bear_nest_2, layout_cave_pools, gup_ossuary_entry_pyramid,
          serial_shops, shop
D:9:      layout_irregular_city, erik_orc_2, serial_column_ruins,
          column_ruins_hut_ruined, column_ruins_open_large, column_ruins_grid_3,
          column_ruins_columns_straight, column_ruins_open_tiny,
          hellmonk_guarded_unrand_vines
D:10:     layout_basic, mainiacjoe_overflow_alcove_1,
          pdpol_temple_overflow_zin_treasury_gozag_greed, serial_shops,
          nicolae_diamond_shop, uniq_snorg, uniq_urug
D:11:     layout_roguey, david_lair_generic, serial_shops,
          nicolae_shop_window_shopping, nicolae_diamond_shop,
          minmay_beelzebubs_servants, uniq_erolcha
D:12:     layout_cave_pools, gauntlet_entry_generic, moated_statue
D:13:     layout_basic, hangedman_vaults_entry_quadrant_bands
Lair:1:   dpeg_oklob_gauntlet, layout_loops_ring
Lair:2:   layout_cave_pods
Lair:3:   layout_misc_corridors
Lair:4:   layout_cave_pods, swamp_mist_pool,
          minmay_snake_entry_guardpost_medium, serial_rivers,
          chequers_serial_rivers_micro_e, chequers_serial_rivers_large_b,
          chequers_serial_rivers_micro_e, chequers_serial_rivers_micro_d,
          chequers_serial_rivers_small_3, minmay_shattered_shrine
Lair:5:   layout_small_grid, chequers_serial_rivers_room_a,
          minmay_lair_oklob_chamber
Lair:6:   minmay_lair_end_enchanted_forest, layout_small_grid, slime_altar_1,
          ebering_ghost_inner_flame, infiniplex_staircase_pool, uniq_rupert

Skill      XL: |  1  2  3  4  5  6  7  8  9 10 11 12 13 14 |
---------------+-------------------------------------------+-----
Axes           | 3 4 5 6 9 10 12 14 15 19 20 | 20.0
Fighting       | 4 5 6 9 11 12 | 12.6
Invocations    | 3 7 8 12 | 12.0
Armour         | 3 6 10 | 10.0
Evocations     | 5 8 |  8.0
Shields        | 5 |  5.3
Dodging        | |  0.7

Action                   |  1- 3 |  4- 6 |  7- 9 | 10-12 | 13-15 || total
-------------------------+-------+-------+-------+-------+-------++-------
Melee: Hand axe          |    88 |    32 |    89 |   354 |       ||   563
       Whip              |       |   131 |   191 |       |    19 ||   341
       Dagger            |       |    16 |       |       |       ||    16
       Broad axe         |       |       |       |   238 |   428 ||   666
Throw: Dart              |       |       |     8 |     7 |     1 ||    16
Invok: Depart the Abyss  |     1 |       |       |     1 |     1 ||     3
       Banish            |       |       |     1 |     6 |     3 ||    10
       Enter the Abyss   |       |       |       |     1 |     1 ||     2
Evoke: Wand              |       |       |       |     8 |     2 ||    10
  Use: Scroll            |       |     7 |     4 |    13 |     5 ||    29
       Potion            |       |     1 |     2 |     1 |     3 ||     7
Armor: Leather armour    |    29 |    63 |    18 |       |       ||   110
       Chain mail        |       |       |    87 |   328 |   204 ||   619
Dodge: Dodged            |    49 |   129 |    93 |   162 |   112 ||   545
Block: Kite shield       |       |       |       |       |    48 ||    48
